 Dungeon Crawl Stone Soup version 0.29.1-1-gd02db6906a (webtiles) character file.

Game seed: 1697748985655735951

65 Zeld the Chopper (level 3, 0/33 HPs)
             Began as a Minotaur Berserker on Oct 17, 2022.
             Was a Believer of Trog.
             Slain by a ball python (2 damage)
             ... on level 2 of the Dungeon.
             The game lasted 00:01:26 (1524 turns).

Zeld the Chopper (Minotaur Berserker)               Turns: 1524, Time: 00:01:27

Health: 0/33       AC:  2    Str: 23    XL:     3   Next: 92%
Magic:  2/2        EV:  9    Int:  4    God:    Trog [**....]
Gold:   66         SH:  0    Dex:  9    Spells: 2/2 levels left

rFire   . . .      SeeInvis .   a - +0 hand axe
rCold   . . .      Faith    .   (no shield)
rNeg    . . .      Spirit   .   b - +0 animal skin
rPois   .          Reflect  .   (helmet restricted)
rElec   .          Harm     .   (no cloak)
rCorr   .          Rampage  .   (no gloves)
Will    .....                   (no boots)
Stlth   +.........              (no amulet)
HPRegen 0.11/turn               (no ring)
MPRegen 0.08/turn               (no ring)

@: constricted
A: horns 2, retaliatory headbutt
a: Renounce Religion, Berserk, Trog's Hand


You were on level 2 of the Dungeon.
You worshipped Trog.
Trog was pleased with you.
You visited 1 branch of the dungeon, and saw 2 of its levels.

You collected 66 gold pieces.

Inventory:

Hand Weapons
 a - a +0 hand axe (weapon)
Armour
 b - a +0 animal skin (worn)
Scrolls
 d - a scroll of fear {unknown}
 f - a scroll of noise {unknown}
 g - a scroll of identify {unknown}
 h - 2 scrolls of butterflies {unknown}
Potions
 c - a potion of magic {unknown}
 e - 2 potions of might {unknown}
 i - a potion of brilliance {unknown}
 j - a potion of heal wounds {unknown}


   Skills:
 + Level 4.1 Fighting
 * Level 4.6 Axes
 + Level 3.1 Armour
 + Level 2.9 Dodging


You had 2 spell levels left.
You didn't know any spells.
Your spell library was empty.

Dungeon Overview and Level Annotations

Branches:
Dungeon (2/15)

Altars:

Annotations:
D:2 1 runed translucent door, Crazy Yiuf


Innate Abilities, Weirdness & Mutations

You have a pair of horns on your head.
You reflexively headbutt those who attack you in melee.


Message History

The ball python constricts you. The hobgoblin completely misses you.
You escape the ball python's grasp.
The hobgoblin hits you. The ball python bites you. The ball python grabs you.
The ball python constricts you.
You are too injured to fight recklessly!
There are monsters nearby!
You are too injured to fight recklessly!
You escape the ball python's grasp.
The hobgoblin misses you. The hobgoblin hits you. The ball python bites you.
The ball python grabs you. The ball python constricts you.
You are too injured to fight recklessly!
You escape the ball python's grasp.
The hobgoblin misses you.
You are too injured to fight recklessly!
The ball python bites you. The ball python closely misses you.
The hobgoblin closely misses you. The ball python bites you.
The ball python grabs you. The ball python constricts you.
You barely miss the ball python. You barely miss the hobgoblin.
The ball python barely misses you. The ball python constricts you.
* * * LOW HITPOINT WARNING * * *
The hobgoblin closely misses you.
You are too injured to fight recklessly!
You are too injured to fight recklessly!
You closely miss the hobgoblin. You hit the ball python.
The ball python bites you but does no damage.
The ball python constricts you.
* * * LOW HITPOINT WARNING * * *
The hobgoblin hits you.
* * * LOW HITPOINT WARNING * * *
You hit the hobgoblin but do no damage. You headbutt the hobgoblin.
You kill the hobgoblin!
Trog accepts your kill.
You hit the ball python but do no damage.
The ball python bites you.
* * * LOW HITPOINT WARNING * * *
The ball python constricts you.
* * * LOW HITPOINT WARNING * * *
You barely miss the ball python.
The ball python is heavily wounded.
The ball python bites you.
You die...

##.####
#####.............#
#.# #.....###......
..# ####### #.#.###
### #### ####.#.###
#.. ..##.#.... #.#
#.##.#####
###.#####.##.#
####.S.....#.##.#####
#...@..###...........
#.##.#.# ###.#...####
#....#.#####÷.....###
#..###.......#...#...
#.. #.########.##.##
#. #.# #...#># #. ..#
#....## # #+..'#
♣....♣


You could see a ball python.

Vanquished Creatures
  2 adders (D:2)
  4 dart slugs
  8 ball pythons
  4 endoplasms
  4 goblins
  5 hobgoblins
  A kobold (D:1)
  2 quokkas
  2 bats (D:1)
  2 rats (D:1)
34 creatures vanquished.

Notes
Turn   | Place    | Note
-------+----------+-------------------------------------------
     0 | D:1      | Zeld the Minotaur Berserker began the quest for the Orb.
     0 | D:1      | Reached XP level 1. HP: 19/19 MP: 0/0
   115 | D:1      | Reached XP level 2. HP: 27/27 MP: 1/1
   486 | D:1      | Reached XP level 3. HP: 25/33 MP: 2/2
   924 | D:1      | You fall into a shaft and drop 1 floor!
  1395 | D:2      | Reached ** piety under Trog
  1488 | D:2      | Found a runed translucent door.
  1489 | D:2      | Noticed Crazy Yiuf
  1523 | D:2      | HP: 1/33 [constriction (1)]
  1524 | D:2      | Slain by a ball python

Illustrated notes

Levels and vault maps discovered:
D:1:      dpeg_arrival_brainrot, layout_rooms, serial_corexii_hall,
          corexii_hall_statues_x, corexii_hall_statues_l,
          chequers_hall_statues_wall_a, chequers_hall_statues_y,
          chequers_hall_statues_wall_a, corexii_hall_statues_s
D:2:      layout_loops_corners, uniq_crazy_yiuf_cottage, uniq_sigmund

Skill      XL: |  1  2  3 |
---------------+----------+-----
Axes           | 4 |  4.6
Fighting       | 4 |  4.1
Armour         | 3 |  3.1
Dodging        | |  2.9

Action                   || total
-------------------------++-------
Melee: Hand axe          ||    67
       Headbutt          ||    12
Armor: Animal skin       ||    13
Dodge: Dodged            ||    63
